Replay - Lolebiv v Pokebunny - Ruins of Endion

Build Order

Get SALT Encoding   

  12  0:00  SCV  
  13  0:12  SCV  
  14  0:18  Supply Depot  
  14  0:24  SCV  
  15  0:39  SCV  
  15  0:40  Barracks  
  16  0:43  Refinery  
  16  0:51  SCV  
  17  1:11  SCV  
  18  1:26  Orbital Command  
  18  1:27  Reaper  
  19  1:37  Command Center  
  19  1:47  Supply Depot  
  19  1:52  SCV  
  20  1:59  Barracks Reactor  
  20  2:04  SCV  
  20  2:08  Barracks  
  21  2:16  Barracks  
  21  2:18  SCV  
  22  2:30  SCV  
  22  2:32  Refinery  
  23  2:39  Marine x2  
  23  2:42  SCV  
  26  2:48  Factory  
  26  2:51  Orbital Command  
  26  2:55  SCV  
  27  2:58  Barracks Tech Lab  
  27  3:03  Marine  
  27  3:05  Marine  
  28  3:08  Marine  
  28  3:12  SCV  
  31  3:18  Stimpack, Marine  
  32  3:23  Marine  
  32  3:25  SCV  
  32  3:26  SCV  
  35  3:34  Starport  
  35  3:36  Factory Reactor  
  35  3:37  Marine  
  36  3:41  Marine x2  
  36  3:44  Marine  
  36  3:47  SCV  
  40  3:52  Supply Depot, SCV  
  41  3:59  SCV  
  42  4:04  Marine x3, SCV  
  42  4:09  Supply Depot  
  46  4:13  Marine  
  46  4:19  Factory Tech Lab  
  46  4:20  Engineering Bay  
  46  4:21  Medivac  
  46  4:23  Medivac  
  50  4:27  Refinery  
  50  4:29  SCV  
  50  4:30  SCV  
  52  4:34  Marine x2  
  52  4:35  Marine  
  55  4:41  Marine  
  55  4:45  Supply Depot  
  56  4:47  Terran Infantry Weapons Level 1  
  56  4:53  Siege Tank  
  56  4:56  Marine x2  
  56  4:58  Barracks Reactor  
  61  5:03  Supply Depot  
  61  5:06  Marine  
  62  5:20  Barracks  
  62  5:21  Barracks  
  62  5:22  SCV x2  
  64  5:35  Siege Tank, Marine x3  
  66  5:38  Medivac  
  68  5:45  SCV x2  
  70  5:52  Supply Depot  
  70  5:57  SCV  
  70  5:58  Marine x2  
  70  5:59  Marine x2  
  70  6:00  Marine  
  70  6:03  SCV  
  77  6:09  Supply Depot  
  77  6:10  Combat Shields  
  77  6:21  Siege Tank, Marine  
  77  6:22  Missile Turret  
  81  6:26  Missile Turret  
  81  6:27  Missile Turret  
  81  6:29  Marine x2  
  81  6:30  Marine x2  
  85  6:39  Medivac x2  
  89  6:43  Supply Depot  
  89  6:54  Marine x4  
  89  6:55  Marine  
  94  7:06  Siege Tank  
  96  7:12  Marine x5  
  96  7:14  Marine  
  102  7:23  Marine  
  99  7:30  Marine x3  
  99  7:34  Terran Infantry Armor Level 1  
  99  7:35  Supply Depot x2  
  102  7:56  Medivac x2, Marine x3  
  102  7:57  Siege Tank, Marine x3  
  105  8:02  Marine  
  105  8:05  Supply Depot  
  106  8:06  Supply Depot  
  106  8:14  Marine  
  106  8:16  Command Center  
  107  8:24  Marine x2  
  109  8:30  Marine x4  
  113  8:41  Marine, Siege Tank  
  116  8:42  Marine x2  
  116  8:46  Supply Depot  
  116  8:48  Supply Depot, Marine  
  88  9:19  Marine x3  
  81  9:24  Medivac x2  
  81  9:28  Siege Tank  
  81  9:30  Orbital Command  
  87  9:32  Armory  
  87  9:35  Engineering Bay  
  87  9:42  Refinery  
  87  9:44  SCV x2  
  95  9:55  Missile Turret  
Spawning Tool Build Advisor. Get it on Overwolf

Go to:

Details

  • Created by: Voltec  
  • Published on: Jun 10, 2016
  • Modified on: Jun 10, 2016
  • Patch: Pre-3.8.0
Show
View Real Time Build Order
Export as new Build Order

Comments (1)

On June 15, 2016, 8:55 a.m., DaftMat  said:

Is that not too much ??

Create an account to comment!